 Dungeon Crawl Stone Soup version 0.24-a0-235-g3f03afc (webtiles) character file.

Game seed: 6709528614648735844

190 Hylith the Magician (level 5, -7/38 HPs)
             Began as a Draconian Conjurer on Apr 7, 2019.
             Mangled by a phantom (8 damage)
             ... on level 2 of the Dungeon.
             The game lasted 00:04:21 (1274 turns).

Hylith the Magician (Draconian Conjurer)            Turns: 1274, Time: 00:04:22

Health: -7/38      AC:  5    Str: 11    XL:     5   Next: 41%
Magic:  5/12       EV: 12    Int: 25    God:
Gold:   70         SH:  0    Dex: 11    Spells: 12/13 levels left

rFire    . . .     SeeInvis .   a - +0 short sword
rCold    . . .     Gourm    .   (no shield)
rNeg     . . .     Faith    .   (armour unavailable)
rPois    .         Spirit   .   (helmet restricted)
rElec    .         Reflect  .   (no cloak)
rCorr    .         Harm     .   (no gloves)
MR       .....                  (no boots)
Stlth    ++........             h - amulet of inaccuracy (curse)
HPRegen  0.12/turn              d - +4 ring of intelligence
MPRegen  0.13/turn              e - +5 ring of intelligence

@: no status effects
A: unfitting armour, cold-blooded, AC +5
a: no special abilities


You were on level 2 of the Dungeon.
You were very hungry.

You visited 1 branch of the dungeon, and saw 2 of its levels.

You collected 70 gold pieces.

Inventory:

Hand Weapons
 a - a +0 short sword (weapon)
Missiles
 i - 7 tomahawks of returning (quivered)
Jewellery
 d - a +4 ring of intelligence (left hand)
 e - a +5 ring of intelligence (right hand)
 h - a cursed amulet of inaccuracy (around neck)
Scrolls
 j - 2 scrolls of remove curse {unknown}
Potions
 c - a potion of agility {unknown}
 f - a potion of lignification {unknown}
 g - a potion of degeneration {unknown}
Comestibles
 b - 6 rations


   Skills:
 - Level 1.1 Short Blades
 - Level 2.0 Dodging
 - Level 2.0 Stealth
 * Level 4.9 Spellcasting
 * Level 4.0 Conjurations


You had 12 spell levels left.
You knew the following spells:

 Your Spells              Type           Power        Failure   Level  Hunger
a - Magic Dart            Conj           ####         1%          1    None

Your spell library contained the following spells:

 Spells                   Type           Power        Failure   Level  Hunger
 Searing Ray              Conj           ####..       2%          2    None
 Dazzling Spray           Conj/Hex       ###...       11%         3    ##.....
 Iskenderun's Mystic Bla  Conj           ####....     16%         4    ####...
 Force Lance              Conj/Tloc      ###.....     36%         4    ####...
 Fulminant Prism          Conj/Hex       ###.......   36%         4    ####...


Dungeon Overview and Level Annotations

Branches:
Dungeon (2/15)

Altars:


Innate Abilities, Weirdness & Mutations

Your plain brown scales are hard. (AC +5)
You cannot fit into any form of body armour.
You are cold-blooded and may be slowed by cold attacks.


Message History

The phantom is moderately damaged.
The phantom hits you.
* * * LOW HITPOINT WARNING * * *
The phantom blinks!
The phantom hits you but does no damage.
You hit the phantom.
The phantom is moderately damaged.
The phantom hits you but does no damage.
You barely miss the phantom.
You tail-slap the phantom, but do no damage.
The phantom is moderately damaged.
The phantom barely misses you.
You closely miss the phantom.
The phantom is moderately damaged.
The phantom hits you.
* * * LOW HITPOINT WARNING * * *
You miss the phantom.
The phantom is moderately damaged.
The phantom hits you!
You die...

#.....##....
+......#...
.....#..
...#.#
#######.#.##
#..$....†..#
#.<........#
#......<...#
#.......@..#
#.......W..###
#............#
#............#
.............#
............#
............#
######......#
########


You could see a phantom.

Vanquished Creatures
  Sigmund (D:2)
  An ooze (D:1)
  2 dart slugs
  A leopard gecko (D:1)
  A ball python (D:2)
  7 goblins
  4 hobgoblins (D:1)
  A bat (D:1)
  A frilled lizard (D:2)
  2 kobolds (D:1)
  4 rats
25 creatures vanquished.

Notes
Turn   | Place    | Note
-------+----------+-------------------------------------------
     0 | D:1      | Hylith the Draconian Conjurer began the quest for the Orb.
     0 | D:1      | Reached XP level 1. HP: 14/14 MP: 3/3
   146 | D:1      | Reached XP level 2. HP: 15/20 MP: 1/5
  1059 | D:2      | Reached XP level 3. HP: 26/26 MP: 1/7
  1222 | D:2      | Noticed Sigmund
  1234 | D:2      | Killed Sigmund
  1234 | D:2      | Reached skill level 1 in Short Blades
  1234 | D:2      | Reached XP level 4. HP: 25/33 MP: 0/10
  1234 | D:2      | Reached XP level 5. HP: 29/38 MP: 0/12
  1246 | D:2      | Noticed a phantom
  1273 | D:2      | HP: 1/38 [phantom (3)]
  1274 | D:2      | Mangled by a phantom

Levels and vault maps discovered:
D:1:      grunt_arrival_lava_bath, layout_basic, moated_statue,
          serial_park_tiny_1
D:2:      layout_basic, chequers_ecumenical_altar_simple_redux, first_ration,
          uniq_sigmund

Skill      XL: |  1  2  3 |
---------------+----------+-----
Dodging        | 2 |  2.0
Stealth        | 2 |  2.0
Spellcasting   | 3 4 |  4.9
Short Blades   | 1 |  1.1
Conjurations   | |  4.0

Action                   |  1- 3 |  4- 6 || total
-------------------------+-------+-------++-------
Melee: Short sword       |     9 |    17 ||    26
       Tailslap          |     2 |     1 ||     3
 Cast: Magic Dart        |    47 |     1 ||    48
 Stab: Sleeping          |       |     1 ||     1
Armor: Skin              |     3 |     4 ||     7
Dodge: Dodged            |     9 |     8 ||    17

Table legend:
 A = Non-vault XP
 B = Vault XP
 C = Vault XP percentage of total XP
 D = Non-vault monster count
 E = Vault monster count
 F = Vault count percentage of total count
                 A         B        C        D         E       F
            +---------+---------+-------+---------+---------+-------
      Total |      49 |     223 |  82.0 |      24 |       1 |   4.0
            +---------+---------+-------+---------+---------+-------
        D:1 |      38 |       0 |   0.0 |      18 |       0 |   0.0
        D:2 |      11 |     223 |  95.3 |       6 |       1 |  14.3
            +---------+---------+-------+---------+---------+-------
